 Dungeon Crawl Stone Soup version 0.29-a0-923-g6e406bff71 (webtiles) character file.

Game seed: 16152840955614591199

114 Sobieck the Magician (level 5, 0/35 HPs)
             Began as a Djinni Fire Elementalist on July 27, 2022.
             Slain by Grinder (7 damage)
             ... on level 3 of the Dungeon.
             The game lasted 00:03:47 (2847 turns).

Sobieck the Magician (Djinni Fire Elementalist)     Turns: 2847, Time: 00:03:47

Health: 0/35       AC:  2    Str:  7    XL:     5   Next: 18%
Gold:   243        EV: 12    Int: 19    God:
                   SH:  0    Dex: 13

rFire   + + .      SeeInvis .   (no weapon)
rCold   x . .      Faith    .   (no shield)
rNeg    + . .      Spirit   .   a - +0 robe
rPois   ∞          Reflect  .   (no helmet)
rElec   .          Harm     .   (no cloak)
rCorr   .          Rampage  .   (no gloves)
Will    .....                   (boots unavailable)
Stlth   ++........              t - amulet of the acrobat
HPRegen 0.11/turn               p - ring of positive energy
MPRegen 0.00/turn               (no ring)

@: flying
A: sickness immunity, fire resistance 2, cold vulnerability 1, float, innate
caster, HP casting, extra vitality 1
a: no special abilities


You were on level 3 of the Dungeon.
You visited 1 branch of the dungeon, and saw 3 of its levels.

You collected 243 gold pieces.


Innate Abilities, Weirdness & Mutations

You are immune to sickness and miasma.
You are immune to poison.
Your flesh is very heat resistant. (rF++)
You are vulnerable to cold. (rC-)
You float through the air rather than walking.
You learn spells naturally, not from books.
Your magical power is your life essence.
You have superior vitality. (+4 MHP)


   Skills:
 - Level 2.1 Dodging
 - Level 1.5 Stealth
 + Level 4.2 Spellcasting


You couldn't memorise any spells.
You knew the following spells:

 Your Spells              Type           Power      Damage    Failure   Level
a - Foxfire               Conj/Fire      80%        2x1d8     2%          1
b - Scorch                Fire           40%        2d7       3%          2
c - Conjure Flame         Conj/Fire      20%        6-21      7%          3
d - Inner Flame           Hex/Fire       20%        N/A       7%          3
e - Flame Wave            Conj/Fire      20%        2d7       22%         4
f - Beastly Appendage     Tmut           40%        N/A       2%          1
g - Searing Ray           Conj           40%        2d5       3%          2
Your spell library was empty.

Inventory:

Hand Weapons
 c - a +0 club {mace}
   (You took it off a goblin on level 1 of the Dungeon)
 d - a +0 flail {mace}
   (You took it off Terence on level 3 of the Dungeon)
 f - a +0 mace {mace}
   (You found it on level 1 of the Dungeon)
 g - a +0 spear {polearm}
   (You took it off a gnoll on level 1 of the Dungeon)
 i - a +0 club {mace}
   (You took it off a kobold on level 1 of the Dungeon)
 j - a +0 dagger {short}
   (You took it off a kobold on level 1 of the Dungeon)
 l - a +0 sling
   (You found it on level 1 of the Dungeon)
 r - a +0 club {mace}
   (You took it off a goblin on level 2 of the Dungeon)
 v - a +0 club {mace}
   (You took it off a goblin on level 2 of the Dungeon)
 y - a +0 club {mace}
   (You took it off a goblin on level 3 of the Dungeon)
Missiles
 e - 13 stones {throwing}
 k - 10 poisoned darts {throwing}
 o - 6 atropa-tipped darts {throwing}
Armour
 a - a +0 robe (worn)
 u - a +0 ring mail
   (You found it on level 2 of the Dungeon)
 w - a +0 scale mail
   (You took it off Terence on level 3 of the Dungeon)
 x - a +0 leather armour
   (You found it on level 3 of the Dungeon)
Jewellery
 p - a ring of positive energy (left hand)
   (You found it on level 2 of the Dungeon)
 t - an amulet of the acrobat (around neck)
   (You found it on level 2 of the Dungeon)
Scrolls
 m - 3 scrolls of identify {unknown}
 n - 2 scrolls of vulnerability {unknown}
 q - a scroll of immolation {unknown}
 s - a scroll of summoning {unknown}
 z - a scroll of poison {unknown}
Potions
 b - a potion of degeneration {unknown}
 h - a potion of lignification {unknown}

Dungeon Overview and Level Annotations

Branches:
Dungeon (3/15) Zot: 15152

Altars:

Shops:
D:1 =

Annotations:
D:3 Grinder

?.. #.# #<# #.#
#.# #.# ######.#
#.# #....5@# #.#
#.###### #.# #.#
#.# #.# #.# #.#
#.# #.# #.#
###.######
####.####.....†..#
..............##.#


You could see Grinder (combustible).


Message History

You feel better. Terence misses you.
Casting: Foxfire (safe; 2% risk of failure)
Confirm with . or Enter, or press ? or * to list all spells.
Flames lash Terence.
Terence's fire resistance burns away.
Terence hits you with a +0 flail.
* * * LOW HITPOINT WARNING * * *
Casting: Scorch (safe; 4% risk of failure)
Confirm with . or Enter, or press ? or * to list all spells.
Flames lash Terence.
Terence is burned terribly!
You kill Terence!
* * * LOW HITPOINT WARNING * * *
You have reached level 5!
The power to cast Searing Ray wells up from within.
Spell assigned to 'g'.
d - a +0 flail {mace};
w - a +0 scale mail
There is a stone staircase leading up here.
You start resting.
Your magical contamination has completely faded away.
You start resting.
Unknown command.
Casting: Scorch (safe; 3% risk of failure)
Confirm with . or Enter, or press ? or * to list all spells.
Okay, then.
Unknown command.
x - a +0 leather armour
m - 3 scrolls labelled ROKOBRIECE (gained 1)
A bat comes into view.
Danger!
You conjure some foxfire!
You conjure some foxfire!
The foxfire hits the bat!
You kill the bat!
You now have 226 gold pieces (gained 7).
A goblin comes into view. It is wielding a +0 club.
Danger!
You conjure some foxfire!
The goblin shouts!
You conjure some foxfire!
The foxfire hits the goblin.
The foxfire hits the goblin!
You kill the goblin!
A quokka comes into view.
Danger!
Unknown command.
You conjure some foxfire!
A quokka is nearby!
Danger!
You conjure some foxfire!
You conjure some foxfire!
The foxfire hits the quokka. x2
You kill the quokka!
y - a +0 club {mace};
z - a scroll labelled JYOTIPPOOW You now have 243 gold pieces (gained 17).
You see here a goblin corpse.
You see here a goblin corpse.
Grinder comes into view.
Found a stone staircase leading up.
Grinder shouts!
Danger!
Casting: Foxfire (safe; 2% risk of failure)
Confirm with . or Enter, or press ? or * to list all spells.
Flames lash Grinder.
Grinder's fire resistance burns away.
Grinder gestures at you.
You suddenly lose the ability to move!
Grinder hits you.
You writhe in agony.
Grinder blinks!
You can move again.
Unknown command.
You conjure some foxfire!
Unknown command.
Unknown command.
Grinder is no longer more vulnerable to fire.
The foxfire hits Grinder.
Unknown command.
You conjure some foxfire!
Grinder hits you.
You writhe in agony.
Unknown command.
Casting: Foxfire (safe; 2% risk of failure)
Confirm with . or Enter, or press ? or * to list all spells.
Flames lash Grinder.
Grinder's fire resistance burns away.
The foxfire hits Grinder.
Grinder gestures at you.
You are unaffected.
Casting: Scorch (safe; 3% risk of failure)
Confirm with . or Enter, or press ? or * to list all spells.
Flames lash Grinder.
Grinder is burned terribly!
Grinder hits you but does no damage.
Casting: Scorch (safe; 3% risk of failure)
Confirm with . or Enter, or press ? or * to list all spells.
Flames lash Grinder.
Grinder is burned terribly!
* * * LOW HITPOINT WARNING * * *
Grinder hits you but does no damage.
Casting: Scorch (safe; 3% risk of failure)
Confirm with . or Enter, or press ? or * to list all spells.
Flames lash Grinder.
* * * LOW HITPOINT WARNING * * *
Grinder hits you.
* * * LOW HITPOINT WARNING * * *
Casting: Scorch (safe; 3% risk of failure)
Confirm with . or Enter, or press ? or * to list all spells.
Flames lash Grinder.
* * * LOW HITPOINT WARNING * * *
Grinder hits you!
You die...

Skill      XL: |  1  2  3  4 |
---------------+-------------+-----
Spellcasting   | 3 4 |  4.2
Dodging        | |  2.1
Stealth        | |  1.5

Action                   |  1- 3 |  4- 6 || total
-------------------------+-------+-------++-------
 Cast: Foxfire           |    52 |    40 ||    92
       Scorch            |     7 |     9 ||    16
  Use: Potion            |       |     2 ||     2
Armor: Robe              |     4 |     2 ||     6
Dodge: Dodged            |     8 |     3 ||    11

Levels and vault maps discovered:
D:1:      zaba_arrival_water, layout_basic, serial_shops, nicolae_shop_crystal,
          shapermc_ecumenical_altar_mp_urbaneastern,
          hangedman_abyss_or_decor_stabs, minmay_gold_behind_fungi
D:2:      layout_basic
D:3:      layout_loops_ring, minitemple, kennysheep_nub, uniq_terence,
          uniq_grinder

Notes
Turn   | Place    | Note
-------+----------+-------------------------------------------
     0 | D:1      | Sobieck the Djinni Fire Elementalist began the quest for
                  | the Orb.
     0 | D:1      | Sobieck set off with the following spells memorised:
                  | Foxfire, Scorch, Conjure Flame, Inner Flame, Flame Wave.
     0 | D:1      | Reached XP level 1. HP: 15/15 MP: 0/0
   369 | D:1      | Reached XP level 2. HP: 14/21 MP: 0/0
   640 | D:1      | Reached skill level 3 in Spellcasting
   640 | D:1      | Reached XP level 3. HP: 17/25 MP: 0/0
   640 | D:1      | Learned a level 1 spell: Beastly Appendage
   870 | D:1      | Found a faded altar of an unknown god.
  1175 | D:1      | Found Niemmeg's Jewellery Boutique.
  1653 | D:2      | Reached XP level 4. HP: 27/31 MP: 0/0
  2084 | D:2      | Reached skill level 4 in Spellcasting
  2433 | D:3      | Noticed Terence
  2438 | D:3      | HP: 4/31 [Terence/+0 flail (7)]
  2442 | D:3      | Killed Terence
  2443 | D:3      | Reached XP level 5. HP: 15/35 MP: 0/0
  2443 | D:3      | Learned a level 2 spell: Searing Ray
  2836 | D:3      | Noticed Grinder
  2837 | D:3      | Paralysed by Grinder for 3 turns
  2846 | D:3      | HP: 8/35 [Grinder (6)]
  2847 | D:3      | Slain by Grinder

Vanquished Creatures
  Terence (D:3)
  2 adders (D:2)
  A gnoll (D:1)
  2 worms (D:2)
  A dart slug (D:2)
  6 endoplasms
  2 giant cockroaches (D:2)
  4 goblins
  4 hobgoblins
  4 jackals (D:1)
  2 kobolds (D:1)
  3 quokkas
  3 ball pythons
  4 bats
  4 frilled lizards
  6 rats (D:2)
49 creatures vanquished.

Vanquished Creatures (others)
  139 foxfires
  4 fungi (D:1)
  2 plants (D:1)
  5 toadstools (D:1)
150 creatures vanquished.

Grand Total: 199 creatures vanquished

Table legend:
 A = Non-vault XP
 B = Vault XP
 C = Vault XP percentage of total XP
 D = Non-vault monster count
 E = Vault monster count
 F = Vault count percentage of total count
                 A         B        C        D         E       F
            +---------+---------+-------+---------+---------+-------
      Total |     127 |      36 |  22.1 |      48 |       1 |   2.0
            +---------+---------+-------+---------+---------+-------
        D:1 |      48 |       0 |   0.0 |      20 |       0 |   0.0
        D:2 |      73 |       0 |   0.0 |      25 |       0 |   0.0
        D:3 |       6 |      36 |  85.7 |       3 |       1 |  25.0
            +---------+---------+-------+---------+---------+-------

Illustrated notes

Table legend:
 A = Kills in this place as a percentage of kills in entire the game.
 B = Kills by you in this place as a percentage of kills by you in the entire game.
 C = Kills by friends in this place as a percentage of kills by friends in the entire game.
 D = Other kills in this place as a percentage of other kills in the entire game.
 E = Experience gained in this place as a percentage of experience gained in the entire game.
 F = Experience gained in this place divided by the number of levels of this place that you have seen.
                   A       B       C       D       E      F
               +-------+-------+-------+-------+-------+----------------------
         Total | 100.0 | 100.0 |   N/A |   N/A | 100.0 |  54.3
       Dungeon | 100.0 | 100.0 |   N/A |   N/A | 100.0 |  54.3
               +-------+-------+-------+-------+-------+----------------------

Table legend: (Time is in decaauts)
 A = Elapsed time spent in this place.
 B = Non-inter-level travel time spent in this place.
 C = Inter-level travel time spent in this place.
 D = Time resting spent in this place.
 E = Time spent auto-exploring this place.
 F = Levels seen in this place.
 G = Mean time per level.
                   A        B        C        D        E       F      G
               +--------+--------+--------+--------+--------+-----+--------+
         Total |   2846 |   2773 |     73 |    171 |   2310 |   3 |  948.7 |
       Dungeon |   2846 |   2773 |     73 |    171 |   2310 |   3 |  948.7 |
               +--------+--------+--------+--------+--------+-----+--------+

Top non-repeatable levels by time:
     D:1: 1254 daAuts
     D:2: 1175 daAuts
     D:3: 416 daAuts
